 Dungeon Crawl Stone Soup version 0.21.1-1-g345015fe64 (webtiles) character file.

25 HeroTen the Charmwright (level 2, 0/24 HPs)
             Began as a Draconian Skald on June 20, 2018.
             Slain by Ijyb (3 damage)
             ... on level 2 of the Dungeon.
             The game lasted 00:03:44 (973 turns).

HeroTen the Charmwright (Draconian Skald)            Turns: 973, Time: 00:03:46

Health: 0/24       AC:  5    Str: 13    XL:     2   Next: 82%
Magic:  0/5        EV:  9    Int: 13    God:
Gold:   55         SH:  6    Dex: 10    Spells: 2/5 levels left

rFire    . . .     SeeInvis .   h - +0 spear (venom)
rCold    . . .     Gourm    .   d - +0 shield
rNeg     . . .     Faith    .   (armour unavailable)
rPois    .         Spirit   .   (helmet restricted)
rElec    .         Reflect  .   (no cloak)
rCorr    .         Harm     .   (no gloves)
MR       .....                  f - +0 pair of boots
Stlth    +.........             (no amulet)
HPRegen  0.08/turn              (no ring)
MPRegen  0.09/turn              (no ring)

@: singing (expiring)
A: unfitting armour, cold-blooded, AC +4
a: no special abilities


You were on level 2 of the Dungeon.
You were hungry.

You visited 1 branch of the dungeon, and saw 2 of its levels.

You collected 55 gold pieces.

Inventory:

Hand Weapons
 a - a +0 spear
 h - a +0 spear of venom (weapon)
Armour
 d - a +0 shield (worn)
 f - a +0 pair of boots (worn)
Scrolls
 g - a scroll of identify
Potions
 e - a potion of curing {unknown}
 i - a potion of mutation {unknown}
Books
 b - a book of Battle

   Spells                             Type                      Level
   a - Infusion                       Charms                       1
   b - Shroud of Golubria             Charms/Translocation         2
   c - Song of Slaying                Charms                       2
   d - Spectral Weapon                Hexes/Charms                 3
   e - Regeneration                   Charms/Necromancy            3
Comestibles
 c - 3 rations


   Skills:
 + Level 2.3 Fighting
 + Level 2.1 Polearms
 + Level 2.4 Dodging
 + Level 2.1 Spellcasting
 + Level 3.2 Charms


You had 2 spell levels left.
You knew the following spells:

 Your Spells              Type           Power        Failure   Level  Hunger
a - Infusion              Chrm           #...         43%         1    ##.....
b - Song of Slaying       Chrm           #.......     56%         2    ###....


Dungeon Overview and Level Annotations

Branches:
Dungeon (2/15)

Altars:

Annotations:
D:2 Ijyb


Innate Abilities, Weirdness & Mutations

Your plain brown scales are hard. (AC +4)
You cannot fit into any form of body armour.
You are cold-blooded and may be slowed by cold attacks.


Message History

The goblin hits you but does no damage.
You barely miss the goblin.
Your tail-slap misses the goblin.
The goblin misses you. Ijyb hits you but does no damage. The goblin hits you.
* * * LOW HITPOINT WARNING * * *
The goblin hits you but does no damage. You block the goblin's attack.
You hit the goblin.
You kill the goblin!
Ijyb barely misses you. You block the goblin's attack.
The goblin hits you but does no damage.
You hit the goblin.
You kill the goblin!
Ijyb misses you. The goblin hits you but does no damage.
The goblin closely misses you.
You closely miss the goblin.
You are no longer magically infusing your attacks.
Your song is almost over.
Ijyb closely misses you. The goblin hits you.
* * * LOW HITPOINT WARNING * * *
The goblin closely misses you. You block the goblin's attack. Ijyb hits you.
You die...

#.# #.#.# #8.....8#
#.#.# #.......# #.#.#
#8.....8# . #.#.#
#.......# .#####.#.#
#8.....8# .........#
##.......##.
##.......####..ggg......
#.####.......()@g......
#<# ##.#########......
#.# ^.#.# ..... #.# #<#
## .$.. #.# #. .## #.# #
# ..# .## .


You could see Ijyb and 3 goblins.

Vanquished Creatures
  A dart slug (D:1)
  A giant cockroach (D:1)
  9 goblins
  2 hobgoblins (D:1)
  5 bats (D:1)
  2 frilled lizards (D:1)
  2 rats (D:1)
22 creatures vanquished.

Notes
Turn   | Place    | Note
-------+----------+-------------------------------------------
     0 | D:1      | HeroTen the Draconian Skald began the quest for the Orb.
     0 | D:1      | Reached XP level 1. HP: 17/17 MP: 3/3
   322 | D:1      | Reached XP level 2. HP: 22/24 MP: 1/5
   387 | D:1      | Reached skill level 3 in Charms
   891 | D:1      | Learned a level 2 spell: Song of Slaying
   959 | D:2      | Noticed Ijyb
   973 | D:2      | Slain by Ijyb

Skill      XL: |  1  2 |
---------------+-------+-----
Charms         | 3 |  3.2
Fighting       | |  2.3
Polearms       | |  2.1
Dodging        | |  2.4
Spellcasting   | |  2.1

Action                   || total
-------------------------++-------
Melee: Spear             ||    81
       Tailslap          ||     4
 Cast: Infusion          ||     9
       Song of Slaying   ||     3
  Use: Scroll            ||     4
Armor: Skin              ||    62
Dodge: Dodged            ||   117
Block: Shield            ||     9
